 Dungeon Crawl Stone Soup version 0.30-b1-2-g02819fbbbe (webtiles) character file.

Game seed: 519549495287714998

(classic levelgen) 7 EnegeticOcto the Trooper (level 1, 0/20 HPs)
             Began as a Minotaur Fighter on May 9, 2023.
             Slain by a gnoll
             ... wielding a +0 club
              (8 damage)
             ... on level 1 of the Dungeon.
             The game lasted 00:00:14 (222 turns).

EnegeticOcto the Trooper (Minotaur Fighter)          Turns: 222, Time: 00:00:15

Health: 0/20       AC:  7    Str: 20    XL:     1   Next: 83%
Magic:  0/0        EV:  9    Int:  5    God:
Gold:   20         SH:  4    Dex:  9    Spells: 0/0 levels left

rFire   . . .        a - +0 war axe
rCold   . . .        c - +0 buckler
rNeg    . . .        b - +0 scale mail
rPois   .            (helmet restricted)
rElec   .            (no cloak)
rCorr   .            (no gloves)
SInv    .            (no boots)
Will    .....        (no amulet) Stlth
                     (no ring)
HPRegen 0.23/turn    (no ring)
MPRegen 0.07/turn

%: no passive effects
@: no status effects
A: horns 2, retaliatory headbutt
a: no special abilities


You were on level 1 of the Dungeon.
You visited 1 branch of the dungeon, and saw 1 of its levels.

You collected 20 gold pieces.

Inventory:

Hand Weapons
 a - a +0 war axe (weapon)
Armour
 b - a +0 scale mail (worn)
 c - a +0 buckler (worn)
Scrolls
 f - 2 scrolls of identify {unknown}
Potions
 d - a potion of might {@q3}
 e - a potion of brilliance {unknown}


   Skills:
 + Level 3.7 Fighting
 * Level 2.8 Axes
 + Level 3.7 Armour
 + Level 3.7 Shields


You couldn't memorise any spells.
You didn't know any spells.
Your spell library was empty.

Dungeon Overview and Level Annotations

Branches:
Dungeon (1/15)

Altars:

Shops:
D:1 =


Innate Abilities, Weirdness & Mutations

You have a pair of horns on your head.
You reflexively headbutt those who attack you in melee.


Message History

An endoplasm is nearby!
The endoplasm freezes you.
You are frozen.
You hit the endoplasm. You headbutt the endoplasm.
You kill the endoplasm!
No target in view!
No target in view!
No target in view!
No target in view!
No target in view!
HP restored.
You now have 8 gold pieces.
A hobgoblin comes into view.
The hobgoblin shouts!
A hobgoblin is nearby!
A hobgoblin is nearby!
A hobgoblin is nearby!
You block the hobgoblin's attack.
You barely miss the hobgoblin. You block the hobgoblin's attack.
The hobgoblin hits you but does no damage.
You hit the hobgoblin. Your headbutt misses the hobgoblin.
The hobgoblin is heavily wounded.
The hobgoblin hits you but does no damage.
You barely miss the hobgoblin.
The hobgoblin is heavily wounded.
You block the hobgoblin's attack.
You barely miss the hobgoblin. Your headbutt misses the hobgoblin.
The hobgoblin is heavily wounded.
The hobgoblin barely misses you. You furiously retaliate!
You headbutt the hobgoblin!
You kill the hobgoblin!
No target in view!
You see here a hobgoblin corpse.
Found Ynny's Jewellery Boutique.
Found a stone staircase leading down.
There is an entrance to Ynny's Jewellery Boutique here.
You can access your shopping list by pressing '$'.
Found 5 poisoned darts.
You see here 5 poisoned darts.
e - a clear potion You now have 20 gold pieces (gained 12).
A goblin comes into view. It is wielding a +0 club.
The goblin shouts!
A goblin is nearby!
A goblin is nearby!
A goblin is nearby!
A goblin is nearby!
You barely miss the goblin. Your headbutt misses the goblin.
The goblin hits you but does no damage.
You hit the goblin. Your headbutt misses the goblin.
The goblin is moderately wounded.
The goblin hits you with a +0 club. x2
You hit the goblin.
You kill the goblin!
No target in view!
No target in view!
You see here a +0 club.
f - 2 scrolls labelled JAKEWNEBBODA
Found a stone staircase leading down.
A goblin comes into view. It is wielding a +0 club.
The goblin shouts!
You hear a shout! x2
There is a stone staircase leading down here.
A goblin is nearby!
Found 7 gold pieces.
You slash the goblin!
You kill the goblin!
A gnoll comes into view. It is wielding a +0 club.
A kobold comes into view. It is wielding a +0 short sword.
The gnoll hits you with a +0 club.
You see here a +0 club.
You hit the gnoll but do no damage. The gnoll hits you with a +0 club.
A frilled lizard comes into view.
The frilled lizard hisses angrily.
You hit the gnoll.
The gnoll is moderately wounded.
The gnoll hits you with a +0 club.
An endoplasm comes into view.
You barely miss the gnoll.
The gnoll is moderately wounded.
The endoplasm quivers.
The gnoll barely misses you. You furiously retaliate!
You headbutt the gnoll. The gnoll hits you with a +0 club.
You are too injured to fight recklessly!
There are monsters nearby!
There are monsters nearby!
There are monsters nearby!
You are too injured to fight recklessly!
You are too injured to fight recklessly!
You are too injured to fight recklessly!
You are too injured to fight recklessly!
You are too injured to fight recklessly!
You are too injured to fight recklessly!
You are too injured to fight recklessly!
You barely miss the gnoll.
The gnoll is moderately wounded.
The gnoll hits you with a +0 club.
You hit the gnoll.
The gnoll is severely wounded.
The gnoll hits you with a +0 club!
You die...

## #..##.# #..# .#
#####...#.###..#
.###.............#
.....#...##....###
..####.####..#.#
#.#....# ##...####
#.....## ##..>..#
##..#.### ####..#
.......... #@.#
..#####..# ##g#
...# #.# ... ...#
..# ..l.. ...# .#
#J..... ...#
#...## ..... ..$..
...### ..... ...#


You could see a gnoll, an endoplasm and a frilled lizard.

Vanquished Creatures
  An endoplasm (D:1)
  2 goblins (D:1)
  A hobgoblin (D:1)
  A ball python (D:1)
  2 rats (D:1)
7 creatures vanquished.

Notes
Turn   | Place    | Note
-------+----------+-------------------------------------------
     0 | D:1      | EnegeticOcto the Minotaur Fighter began the quest for the
                  | Orb.
     0 | D:1      | Reached XP level 1. HP: 19/19 MP: 0/0
    89 | D:1      | Found Ynny's Jewellery Boutique.
   222 | D:1      | Slain by a gnoll

Illustrated notes

Levels and vault maps discovered:
D:1:      onia_arrival_handbag, layout_rooms, serial_shops,
          nicolae_shop_advertising_works [nicolae_subvault_shop_adworks]

Action                     || total
---------------------------++-------
  Melee: War axe           ||    20
         Headbutt          ||     1
 Armour: Scale mail        ||     8
  Dodge: Dodged            ||     2
  Block: Buckler           ||     4
